 Dungeon Crawl Stone Soup version 0.25.1-2-g60ff931df9 (webtiles) character file.

Game seed: 8404392226066436074

1278 hawla the Ducker (level 8, -1/71 HPs)
             Began as a Minotaur Fighter on Oct 25, 2020.
             Slain by an orc warrior
             ... wielding a +0 war axe
              (19 damage)
             ... in a bailey.
             The game lasted 00:16:24 (8875 turns).

hawla the Ducker (Minotaur Fighter)                 Turns: 8875, Time: 00:16:25

Health: -1/71      AC: 14    Str: 24    XL:     8   Next: 29%
Magic:  7/7        EV:  9    Int:  5    God:
Gold:   205        SH:  0    Dex:  9    Spells: 7/7 levels left

rFire    . . .     SeeInvis .   a - +0 long sword
rCold    . . .     Gourm    .   (no shield)
rNeg     . . .     Faith    .   p - +1 plate armour
rPois    .         Spirit   .   (helmet restricted)
rElec    .         Reflect  .   C - +0 cloak
rCorr    .         Harm     .   (no gloves)
MR       .....                  (no boots)
Stlth    ..........             u - amulet of magic regeneration
HPRegen  0.21/turn              e - ring of flight
MPRegen  0.35/turn              (no ring)

@: no status effects
A: retaliatory headbutt, horns 2
a: Evoke Flight


You were in a bailey.
You were not hungry.

You visited 2 branches of the dungeon, and saw 8 of its levels.
You also visited: Bailey.

You collected 205 gold pieces.

Inventory:

Hand Weapons
 a - a +0 long sword (weapon)
 b - a +0 short sword of electrocution
 g - a +3 dagger of venom
Missiles
 l - 27 boomerangs (quivered)
 r - 12 poisoned darts
 E - 6 atropa-tipped darts
Armour
 c - a +0 chain mail
 n - a +0 ring mail
 o - a +0 scale mail
 p - a +1 plate armour (worn)
 s - a +0 leather armour
 C - a +0 cloak (worn)
Jewellery
 e - a ring of flight (left hand)
 u - an amulet of magic regeneration (around neck)
Wands
 y - a wand of clouds (5)
Scrolls
 i - 6 scrolls of identify
 j - 3 scrolls of teleportation
 k - 4 scrolls of enchant weapon
 q - 2 scrolls of remove curse
 t - 2 scrolls of noise
 A - a scroll of enchant armour
Potions
 d - 3 potions of might
 h - 7 potions of curing {unknown}
 m - 4 potions of lignification
 v - a potion of flight {unknown}
 w - a potion of mutation {unknown}
 x - a potion of degeneration {unknown}
 B - a potion of stabbing {unknown}
 D - a potion of haste {unknown}
Comestibles
 f - 12 rations


   Skills:
 + Level 6.4 Fighting
 + Level 4.5(5.2) Short Blades
 + Level 4.1(5.3) Long Blades
 + Level 4.1 Armour
 * Level 6.5 Dodging
 + Level 3.1 Stealth
   Level 3.6 Shields


You had 7 spell levels left.
You didn't know any spells.
Your spell library was empty.

Dungeon Overview and Level Annotations

Branches:
Dungeon (7/15)             Temple (1/1) D:4          Bailey (1/1)

Altars:
Ashenzari
Cheibriados
Hepliaklqana
Kikubaaqudgha
Makhleb
Nemelex Xobeh
Okawaru
Qazlal
Ru
Sif Muna
Uskayaw
Vehumet
Wu Jian
Xom
Yredelemnul

Shops:
D:5 (

Annotations:
D:7 Harold


Innate Abilities, Weirdness & Mutations

You reflexively headbutt those who attack you in melee.
You have a pair of horns on your head.


Message History

Your headbutt misses the orc warrior.
The orc warrior is moderately wounded.
The orc warrior closely misses you. You furiously retaliate!
You headbutt the orc warrior! You closely miss the orc warrior.
The orc warrior is heavily wounded.
The orc warrior hits you with a +0 war axe.
You hit the orc warrior but do no damage.
The orc warrior is heavily wounded.
The orc warrior barely misses you.
You closely miss the orc warrior.
The orc warrior is heavily wounded.
You hit the orc warrior.
The orc warrior is severely wounded.
The orc warrior hits you with a +0 war axe!
* * * LOW HITPOINT WARNING * * *
You hit the orc warrior.
The orc warrior is severely wounded.
The orc warrior hits you with a +0 war axe!!
You die...

###+### ##.....##
#...8...# #∩$...%∩#
#.o...# ####@''####
##≈.......≈##
#####≈≈.......≈≈#####
#^'.'≈≈.......≈≈'.'^#
#.###≈≈.......≈≈###.#
#.'.'≈≈.......≈≈'.'.#
#.###≈≈.......≈≈###.#
#.'.'≈≈.......≈≈'.'.#
#.###≈≈.......≈≈###.#


You could see an orc warrior.

Vanquished Creatures
  A sky beast (D:5)
  A phantom (D:5)
  A centaur (D:4)
  2 scorpions
  A howler monkey (D:5)
  A crimson imp (D:5)
  A bullfrog zombie (D:4)
  2 orc priests
  4 jellies
  A bullfrog skeleton (D:6)
  4 hounds
  A centaur skeleton (D:6)
  4 orc wizards
  A worker ant zombie (D:6)
  12 adders
  7 gnolls
  An adder skeleton (D:5)
  4 worms
  A dart slug (D:1)
  4 leopard geckos
  17 orcs
  2 ball pythons
  4 giant cockroaches
  9 goblins
  5 hobgoblins
  10 jackals
  3 quokkas
  A ball python skeleton (D:4)
  4 bats
  3 frilled lizards
  25 kobolds
  A quokka skeleton (D:3)
  A quokka zombie (D:5)
  14 rats
153 creatures vanquished.

Notes
Turn   | Place    | Note
-------+----------+-------------------------------------------
     0 | D:1      | hawla the Minotaur Fighter began the quest for the Orb.
     0 | D:1      | Reached XP level 1. HP: 19/19 MP: 0/0
   328 | D:1      | Reached XP level 2. HP: 26/27 MP: 1/1
  1408 | D:2      | Reached XP level 3. HP: 32/33 MP: 2/2
  2493 | D:1      | Reached skill level 1 in Dodging
  2493 | D:1      | Reached XP level 4. HP: 41/41 MP: 3/3
  2521 | D:2      | Reached skill level 1 in Short Blades
  3357 | D:2      | Reached XP level 5. HP: 46/47 MP: 4/4
  4125 | D:3      | Reached skill level 5 in Fighting
  4507 | D:3      | Reached XP level 6. HP: 24/56 MP: 5/5
  5375 | D:4      | Found a staircase to the Ecumenical Temple.
  5382 | Temple   | Entered the Ecumenical Temple
  5703 | D:4      | Reached skill level 1 in Stealth
  5895 | D:5      | Entered Level 5 of the Dungeon
  6276 | D:5      | Reached XP level 7. HP: 57/61 MP: 6/6
  6377 | D:5      | Found Plog's Weapon Emporium.
  6403 | D:5      | Found a shattered altar of Ashenzari.
  6456 | D:5      | Reached skill level 5 in Dodging
  6825 | D:5      | Found a sacrificial altar of Ru.
  6874 | D:5      | Found a shimmering altar of Xom.
  7599 | D:6      | Reached XP level 8. HP: 69/70 MP: 7/7
  7855 | D:6      | Found a burning altar of Makhleb.
  8441 | D:7      | Noticed Harold
  8464 | D:7      | Found a flagged portal.
  8475 | Bailey   | Entered a bailey
  8875 | Bailey   | Slain by an orc warrior

Illustrated notes

Levels and vault maps discovered:
D:1:      minmay_arrival_radiant_lines, layout_basic, minmay_tromino_i4
D:2:      layout_basic, kennysheep_small_spiral
D:3:      layout_rooms, serial_bayou_lagoon_a
D:4:      layout_gridville, minmay_temple_entry_slanted, first_ration,
          minivault_23
D:5:      layout_loops_cross, kennysheep_little_box, ashenzari_altar_1,
          serial_shops, nicolae_shop_trees, chequers_serial_rivers_micro_a,
          chequers_jeans, brannock_xom_greatest_gift
D:6:      layout_basic, nicolae_overflow_hidden_temple, serial_bayou_crossing
D:7:      layout_basic, nicolae_dithmenos_shadow_blocks,
          grunt_temple_overflow_open, enter_bailey_6, uniq_harold
Temple:   minmay_temple_bridge_abc
Bailey:   bailey_axe_3, bailey

Skill      XL: |  1  2  3  4  5  6  7  8 |
---------------+-------------------------+-----
Fighting       | 4 5 6 |  6.4
Armour         | 4 |  4.1
Long Blades    | 3 4 |  4.1
Dodging        | 1 3 4 6 |  6.5
Short Blades   | 1 2 4 |  4.5
Stealth        | 1 2 3 |  3.1
Shields        | |  3.6

Action                   |  1- 3 |  4- 6 |  7- 9 || total
-------------------------+-------+-------+-------++-------
Melee: Long sword        |    38 |       |    22 ||    60
       Headbutt          |    14 |    31 |    26 ||    71
       Short sword       |    58 |    13 |   101 ||   172
       Dagger            |       |   137 |     4 ||   141
Throw: Dart              |       |       |    18 ||    18
       Boomerang         |       |       |    10 ||    10
 Abil: Stop Flying       |       |       |     3 ||     3
       Evoke Flight      |       |       |     3 ||     3
  Use: Scroll            |     4 |     6 |     3 ||    13
       Potion            |       |       |     1 ||     1
 Stab: Distracted        |       |     1 |     1 ||     2
       Sleeping          |       |     1 |     3 ||     4
  Eat: Chunk             |     4 |    13 |     6 ||    23
       Ration            |       |       |     1 ||     1
Armor: Robe              |       |       |     3 ||     3
       Leather armour    |       |       |    12 ||    12
       Plate armour      |       |       |     1 ||     1
Dodge: Dodged            |    64 |   113 |    98 ||   275
       Rpst.: Long sword |     5 |       |     1 ||     6
